 Dungeon Crawl Stone Soup version 0.30-a0-830-gfe289a77b0 (webtiles) character file.

Game seed: 2245133306827087192

186 pyrow613 the Chopper (level 5, -1/46 HPs)
             Began as a Demigod Fighter on Feb 27, 2023.
             Slain by Menkaure (4 damage)
             ... on level 4 of the Dungeon on Feb 28, 2023.
             The game lasted 00:04:54 (2440 turns).

pyrow613 the Chopper (Demigod Fighter)              Turns: 2440, Time: 00:04:54

Health: -1/46      AC:  6    Str: 21    XL:     5   Next: 15%
Magic:  7/7        EV:  9    Int: 10    God:
Gold:   100        SH:  4    Dex: 13    Spells: 4/4 levels left

rFire   . . .      SeeInvis .    a - +0 war axe
rCold   . . .      Faith    .    c - +0 buckler
rNeg    . . .      Spirit   .    b - +0 scale mail
rPois   .          Reflect  .    (no helmet)
rElec   .          Harm     .    (no cloak)
rCorr   .          Rampage  .    (no gloves)
Will    .....                    (no boots) Stlth
                                 e - amulet of the acrobat
HPRegen 0.27/turn                (no ring)
MPRegen 0.10/turn                (no ring)

@: no status effects
A: high MP 1, forlorn, divine attributes
a: no special abilities


You were on level 4 of the Dungeon.
You visited 1 branch of the dungeon, and saw 4 of its levels.

You collected 100 gold pieces.

Inventory:

Hand Weapons
 a - a +0 war axe (weapon)
Missiles
 d - a throwing net (quivered)
Armour
 b - a +0 scale mail (worn)
 c - a +0 buckler (worn)
Jewellery
 e - an amulet of the acrobat (around neck)
 p - a +6 ring of intelligence
Scrolls
 g - 2 scrolls of poison {unknown}
 h - a scroll of immolation {unknown}
 i - a scroll of silence {unknown}
 l - a scroll of fog {unknown}
 m - a scroll of fear {unknown}
 o - a scroll of teleportation {unknown}
 r - a scroll of enchant weapon {unknown}
Potions
 j - a potion of degeneration
 k - 2 potions of magic
 n - a potion of resistance
 q - a potion of lignification {unknown}


   Skills:
 + Level 3.8 Fighting
 * Level 4.3 Axes
 - Level 2.6 Armour
 - Level 2.6 Shields


You had 4 spell levels left.
You didn't know any spells.
Your spell library was empty.

Dungeon Overview and Level Annotations

Branches:
Dungeon (4/15)
 Temple: D:4-7

Shops:
D:3 *

Annotations:
D:4 Menkaure


Innate Abilities, Weirdness & Mutations

You have an increased reservoir of magic. (+10% MP)
You shall have no god before yourself.
Your divine heritage dramatically boosts your attributes as you level up.


Message History

No target in view!
You start resting.
HP restored.
Things that are here:
a +0 club; a +0 leather armour; a +0 flail
Items here: )) [[.
Okay, then.
Welcome back, pyrow613 the Demigod Fighter.
Press ? for a list of commands and other information.
Found a stone staircase leading down.
Menkaure, Prince of Dust comes into view.
Menkaure shouts!
Menkaure moves out of view.
Menkaure gestures wildly while chanting.
Menkaure seems to speed up.
Sorry, you're not good enough to have a special ability.
Okay, then.
As you read the scroll labelled FUUXOAROYT, it crumbles to dust.
You hear the flapping of tiny wings.
It was a scroll of butterflies.
Menkaure points at you and mumbles some strange words.
Pain shoots through your body!
You hit Menkaure but do no damage. Menkaure barely misses you. x2
You barely miss Menkaure.
Menkaure calls on the powers of darkness!
Your body is wracked with pain!
You hit Menkaure but do no damage. Menkaure closely misses you.
Menkaure hits you!
* * * LOW HITPOINT WARNING * * *
You hit Menkaure.
Menkaure is moderately damaged.
Menkaure calls on the powers of darkness!
Your body is wracked with pain!
* * * LOW HITPOINT WARNING * * *
Menkaure points at you and mumbles some strange words.
Pain shoots through your body!
* * * LOW HITPOINT WARNING * * *
You barely miss Menkaure.
Menkaure is moderately damaged.
Menkaure hits you.
You die...

.... .... .....
..... ...... #####
###......
##...####........
#..b.#.M....#
###....bb@#####
##...#.bbbbb#
##>...#bbbbbbb#
#...#.#.bbbbb..#
#####.#...bb.bb.#
#..##..b..bbbb...#
#..#)[.bbbb..bb..#
###...#.b..b......#
#..##.#..b.......##


You could see Menkaure (fast).

Vanquished Creatures
  Pargi (D:3)
  4 gnolls
  An adder (D:2)
  A worm (D:2)
  4 orcs (D:4)
  A ball python (D:3)
  2 bats (D:1)
  3 endoplasms
  A giant cockroach (D:2)
  5 goblins
  5 hobgoblins (D:1)
  6 kobolds
  5 frilled lizards (D:1)
  7 rats
46 creatures vanquished.

Notes
Turn   | Place    | Note
-------+----------+-------------------------------------------
     0 | D:1      | pyrow613 the Demigod Fighter began the quest for the Orb.
     0 | D:1      | Reached XP level 1. HP: 18/18 MP: 3/3
    74 | D:1      | Reached skill level 2 in Axes
   334 | D:1      | Reached XP level 2. HP: 25/25 MP: 4/4
   976 | D:1      | Reached skill level 3 in Axes
   976 | D:1      | Reached XP level 3. HP: 20/31 MP: 5/5
  1149 | D:2      | Reached XP level 4. HP: 9/38 MP: 6/6
  1371 | D:2      | You fall into a shaft and drop 1 floor!
  1373 | D:3      | Found Zin's Purification Station.
  1656 | D:3      | Noticed Pargi
  1671 | D:3      | Killed Pargi
  1672 | D:3      | Reached skill level 4 in Axes
  1672 | D:3      | Reached XP level 5. HP: 34/46 MP: 7/7
  2413 | D:4      | Upgraded the game from 0.30-a0-824-g6c64550be9 to
                  | 0.30-a0-830-gfe289a77b0
  2425 | D:4      | Noticed Menkaure
  2439 | D:4      | HP: 2/46 [Menkaure/nerve-wracking pain (5)]
  2440 | D:4      | Slain by Menkaure

Illustrated notes

Levels and vault maps discovered:
D:1:      heliophobic_arrival_battle_scene, layout_loops_corners
D:2:      cheibrodos_greedy_goblins, layout_basic
D:3:      layout_basic, mainiacjoe_overflow_six_doors_small, zin_purify,
          shapermc_ecumenical_altar_mp_vishouse, serial_bayou_crossing,
          uniq_pargi
D:4:      layout_cave_pods, nicolae_overflow_crystal_walls,
          mainiacjoe_overflow_boulevard, amethyst_overflow_temple_binary,
          gammafunk_ghost_mausoleum, uniq_robin, uniq_menkaure

Skill      XL: |  1  2  3  4 |
---------------+-------------+-----
Axes           | 2 3 4 |  4.3
Fighting       | 3 |  3.8
Armour         | |  2.6
Shields        | |  2.6

Action                     |  1- 3 |  4- 6 || total
---------------------------+-------+-------++-------
  Melee: War axe           |   106 |    50 ||   156
  Throw: Throwing net      |       |     1 ||     1
    Use: Potion            |     1 |       ||     1
         Scroll            |       |     4 ||     4
 Armour: Scale mail        |    35 |    28 ||    63
  Dodge: Dodged            |    54 |    35 ||    89
  Block: Buckler           |    28 |    13 ||    41

Table legend: (Time is in decaauts)
 A = Elapsed time spent in this place.
 B = Non-inter-level travel time spent in this place.
 C = Inter-level travel time spent in this place.
 D = Time resting spent in this place.
 E = Time spent auto-exploring this place.
 F = Levels seen in this place.
 G = Mean time per level.
                   A        B        C        D        E       F      G
               +--------+--------+--------+--------+--------+-----+--------+
         Total |   2503 |   2455 |     48 |    316 |   1679 |   4 |  625.8 |
       Dungeon |   2503 |   2455 |     48 |    316 |   1679 |   4 |  625.8 |
               +--------+--------+--------+--------+--------+-----+--------+

Top non-repeatable levels by time:
     D:1: 1050 daAuts
     D:3: 1007 daAuts
     D:2: 363 daAuts
     D:4: 82 daAuts
